 Dungeon Crawl Stone Soup version 0.31-a0-152-g6aa68a64a1 (webtiles) character file.

Game seed: 15615157829041305306

17 Jeffwins the Trooper (level 2, -2/21 HPs)
             Began as an Octopode Wanderer on June 9, 2023.
             Slain by an adder (4 damage)
             ... on level 2 of the Dungeon.
             The game lasted 00:01:06 (896 turns).

Jeffwins the Trooper (Octopode Wanderer)             Turns: 896, Time: 00:01:06

Health: -2/21      AC:  1    Str:  9    XL:     2   Next: 62%
Magic:  0/5        EV: 12    Int: 19    God:
Gold:   104        SH:  0    Dex:  8    Spells: 4/5 levels left

rFire   . . .        a - +0 club
rCold   . . .        (no shield)
rNeg    . . .        (helmet restricted)
rPois   .            (no amulet)
rElec   .            L - ring of flight
rCorr   .            (no ring)
SInv    .            (no ring)
Will    .....        (no ring)
Stlth   ++           (no ring)
HPRegen 0.23/turn    (no ring)
MPRegen 0.09/turn    (no ring)
                     (no ring)

%: no passive effects
@: lethally poisoned (-2 -> -3), flying
A: almost no armour, amphibious, 8 rings, camouflage 1, gelatinous body 1,
(nimble swimmer 1), tentacles
a: no special abilities


You were on level 2 of the Dungeon.
You visited 1 branch of the dungeon, and saw 2 of its levels.

You collected 104 gold pieces.


Innate Abilities, Weirdness & Mutations

You cannot wear most types of armour.
You are amphibious.
You can wear up to eight rings at the same time.
Your skin changes colour to match your surroundings (Stealth+).
Your rubbery body absorbs attacks. (AC +1, EV +1)
((You are camouflaged when in or above water. (Stealth+)))
You have tentacles for arms and can constrict up to eight enemies at once.


   Skills:
 + Level 3.1 Fighting
 + Level 1.3 Dodging
 + Level 0.8 Stealth
 * Level 2.2 Spellcasting
 - Level 3.0 Transmutations
 * Level 1.4 Ice Magic


You had 4 spell levels left.
You knew the following spells:

 Your Spells              Type           Power      Damage    Failure   Level
z - Freeze                Ice            28%        1d5       9%          1

Your spell library contained the following spells:

 Spells                   Type           Power      Damage    Failure   Level
 Beastly Appendage        Tmut           26%        N/A       4%          1
 Wereblood                Tmut           13%        N/A       8%          2
 Cigotuvi's Dreadful Rot  Necr/Pois/Air  4%         N/A       26%         2
 Hailstorm                Conj/Ice       4%         3d4       36%         3
 Petrify                  Tmut/Erth      7%         N/A       65%         4
 Dispel Undead            Necr           2%         3d7       86%         4
 Death Channel            Necr           1%         N/A       100%        6

Inventory:

Hand Weapons
 a - a +0 club (weapon)
Jewellery
 g - an amulet of regeneration
 L - a ring of flight (left tentacle)
Scrolls
 b - a scroll of fear
 c - 2 scrolls of teleportation {@r4}
 d - a scroll of poison {unknown}
 e - a scroll of immolation {unknown}
 h - 2 scrolls of identify {unknown}
 i - a scroll of fog {unknown}

Dungeon Overview and Level Annotations

Branches:
Dungeon (2/15)

Altars:

### ..#
##+#####.# ####
.......#.###.<#
.......#.#...##
....(..#S#.###
.......@...#
##.###r...##
#....# ######


You could see an adder (slow) and a rat.


Message History

* * * LOW HITPOINT WARNING * * *
Casting: Freeze (safe; 9% risk of failure)
Confirm with . or Enter, or press ? or * to list all spells.
Aiming: Freeze (safe; 9% risk of failure)
Press: ? - help, Shift-Dir - straight line, f/p - adder
Aim: an adder (heavily wounded, slow)
You miscast Freeze.
Nothing appears to happen.
* * * LOW HITPOINT WARNING * * *
You feel sick. The adder barely misses you. The rat closely misses you.
Unknown command.
Casting: Freeze (safe; 9% risk of failure)
Confirm with . or Enter, or press ? or * to list all spells.
Aiming: Freeze (safe; 9% risk of failure)
Press: ? - help, Shift-Dir - straight line, f/p - adder
Aim: an adder (heavily wounded, slow)
You freeze the adder.
The adder is almost dead.
The adder seems to slow down.
* * * LOW HITPOINT WARNING * * *
You feel sick. The adder misses you. The rat closely misses you.
It was a potion of cancellation.
You feel magically purged.
Your magical contamination has completely faded away.
* * * LOW HITPOINT WARNING * * *
You feel sick. The rat barely misses you. The adder misses you.
Unknown command.
You closely miss the adder. Your grab misses the adder.
The adder is almost dead.
* * * LOW HITPOINT WARNING * * *
You feel sick. The rat closely misses you. The adder bites you.
You die...

Action                     || total
---------------------------++-------
  Melee: Club              ||    26
         Constrict         ||     6
         Tentacles         ||     4
         Punch             ||     1
   Cast: Freeze            ||     7
    Use: Potion            ||     1
   Stab: Sleeping          ||     1
 Armour: Skin              ||     4
  Dodge: Dodged            ||    27

Levels and vault maps discovered:
D:1:      dpeg_arrival_boxes_within_box, layout_basic, minmay_liquid_box
D:2:      layout_basic, basic_altar, nicolae_elevator_lobby_asterisk

Notes
Turn   | Place    | Note
-------+----------+-------------------------------------------
     0 | D:1      | Jeffwins the Octopode Wanderer began the quest for the Orb.
     0 | D:1      | Jeffwins set off with the following items: a +0 club, a
                  | scroll of fear, a scroll of teleportation {@r4}; and the
                  | following spells available to memorise: Beastly Appendage,
                  | Wereblood, Freeze, Hailstorm, Petrify.
     0 | D:1      | Reached XP level 1. HP: 16/16 MP: 3/3
    52 | D:1      | Learned a level 1 spell: Freeze
   266 | D:1      | Reached XP level 2. HP: 20/21 MP: 5/5
   896 | D:2      | HP: 2/21 [poisoned by an adder]
   896 | D:2      | Slain by an adder

Vanquished Creatures
  2 ball pythons (D:1)
  An endoplasm (D:1)
  3 goblins (D:1)
  A hobgoblin (D:1)
  3 jackals (D:1)
  A kobold (D:1)
  A quokka (D:1)
  A frilled lizard (D:1)
  A rat (D:1)
14 creatures vanquished.

Table legend: (Time is in decaauts)
 A = Elapsed time spent in this place.
 B = Non-inter-level travel time spent in this place.
 C = Inter-level travel time spent in this place.
 D = Time resting spent in this place.
 E = Time spent auto-exploring this place.
 F = Levels seen in this place.
 G = Mean time per level.
                   A        B        C        D        E       F      G
               +--------+--------+--------+--------+--------+-----+--------+
         Total |    902 |    887 |     15 |      0 |    755 |   2 |  451.0 |
       Dungeon |    902 |    887 |     15 |      0 |    755 |   2 |  451.0 |
               +--------+--------+--------+--------+--------+-----+--------+

Top non-repeatable levels by time:
     D:1: 888 daAuts
     D:2: 14 daAuts

Table legend:
 A = Non-vault XP
 B = Vault XP
 C = Vault XP percentage of total XP
 D = Non-vault monster count
 E = Vault monster count
 F = Vault count percentage of total count
                 A         B        C        D         E       F
            +---------+---------+-------+---------+---------+-------
      Total |      25 |       0 |   0.0 |      14 |       0 |   0.0
            +---------+---------+-------+---------+---------+-------
        D:1 |      25 |       0 |   0.0 |      14 |       0 |   0.0
            +---------+---------+-------+---------+---------+-------
